AoeStats
← davis

Arena

510620704Analyzed
4v4 RM · 2d ago on Oct 1, 2026· 40m 52s· 8 players
Game mode
Random Map
Map size
Large (8 player)
Population
200
Speed
Normal
Resources
Standard
Victory
Conquest
Starting age
Dark Age
Ending age
Imperial Age
RankedLock teamsTeams togetherTeam positionsShared explorationLock speedFull tech treeHidden civsTurbo modeCheats
Victory
Defeat
🇦🇷 Shu · Argentina
1127
+11
🇨🇱 Celts · Chile
1098
+12
🇪🇸 Huns · Spain
1094
+12
🇨🇭 Slavs · Switzerland
1067
+13
🇦🇷 Bohemians · Argentina
1055
-14
🇦🇷 Hindustanis · Argentina
1046
-14
🇦🇷 Lithuanians · Argentina
964
-10
🇦🇷 Italians · Argentina
955
-10
Lord Frank
10:07 Feudal Age
14:49 Castle Age
12:44 Double-Bit Axe
13:06 Horse Collar
16:06 Bow Saw
18:36 Heavy Plow
21:14 Wheelbarrow
21:33 Loom
23:30 Town Watch
24:29 Hand Cart
24:16 Stone Mining
24:17 Gold Mining
30:55 Imperial Age
29:07 Forging
29:04 Scale Barding Armor
29:41 Gold Shaft Mining
30:10 Detinets
32:01 Conscription
31:02 Elite Boyar
32:19 Chain Barding Armor
32:35 Iron Casting
33:59 Plate Barding Armor
34:01 Husbandry
34:12 Bloodlines
34:40 Ballistics
35:26 Blast Furnace
34:17 Fletching
38:38 Bodkin Arrow
Nichelson3360
11:00 Feudal Age
16:22 Castle Age
14:36 Stone Mining
15:09 Double-Bit Axe
18:28 Gold Mining
22:35 Loom
25:50 Gold Shaft Mining
26:29 Scale Mail Armor
29:19 Fletching
31:57 Bodkin Arrow
35:06 Town Watch
35:58 Wheelbarrow
36:00 Stone Shaft Mining
38:01 Hand Cart
38:09 Bow Saw
37:47 Horse Collar
38:48 Heavy Plow
42:46 Imperial Age
kirlito
11:03 Feudal Age
12:32 Wheelbarrow
11:39 Horse Collar
11:45 Double-Bit Axe
20:14 Castle Age
19:00 Stone Mining
19:08 Gold Mining
19:28 Scale Barding Armor
19:34 Forging
21:13 Hand Cart
21:01 Heavy Plow
21:13 Bow Saw
23:37 Gold Shaft Mining
27:59 Chain Barding Armor
28:22 Iron Casting
28:35 Marauders
31:32 Imperial Age
29:49 Bloodlines
29:51 Husbandry
33:57 Plate Barding Armor
34:29 Blast Furnace
34:38 Conscription
34:56 Elite Tarkan
Okisan
11:00 Feudal Age
15:41 Castle Age
13:58 Loom
15:07 Double-Bit Axe
15:11 Horse Collar
16:31 Gold Mining
17:37 Fletching
22:50 Pikeman
24:28 Wheelbarrow
23:24 Elite Skirmisher
24:44 Bow Saw
24:44 Town Watch
25:19 Padded Archer Armor
36:26 Imperial Age
34:16 Coiled Serpent Array
35:57 Forging
35:48 Scale Mail Armor
37:39 Conscription
40:20 Chain Mail Armor
40:02 Arson
40:26 Squires
40:17 Elite White Feather Guard
Dantito
13:33 Feudal Age
17:43 Castle Age
17:01 Scale Mail Armor
34:19 Double-Bit Axe
mariano34355
10:01 Feudal Age
13:55 Forging
16:23 Castle Age
16:08 Scale Barding Armor
16:32 Double-Bit Axe
25:24 Iron Casting
30:02 Scale Mail Armor
30:22 Chain Barding Armor
38:55 Pikeman
41:03 Chain Mail Armor
Kikelot
10:57 Feudal Age
15:24 Castle Age
13:55 Double-Bit Axe
14:02 Gold Mining
14:05 Horse Collar
17:02 Bloodlines
17:04 Forging
21:09 Scale Barding Armor
25:12 Loom
26:31 Heavy Plow
27:08 Bow Saw
30:24 Chain Barding Armor
30:43 Iron Casting
31:54 Gold Shaft Mining
31:46 Stone Mining
33:25 Wheelbarrow
36:36 Hand Cart
36:37 Husbandry
40:55 Imperial Age
38:11 Town Watch
davis
7:38 Loom
10:21 Feudal Age
18:04 Castle Age
16:04 Double-Bit Axe
16:33 Gold Mining
18:06 Fletching
18:30 Crossbowman
19:14 Padded Archer Armor
20:13 Thumb Ring
26:18 Bodkin Arrow
28:09 Elite Skirmisher
29:21 Leather Archer Armor
34:43 Bow Saw
34:18 Horse Collar
35:23 Forging
36:05 Stone Mining
Connection lost

Rejoining the realm…

Still unreachable

The connection could not be restored.

Session expired

The server has moved on; the page needs a fresh start.